 Dungeon Crawl Stone Soup version 0.32-a0-30-gefbe487952 (webtiles) character file.

Game seed: 1143440716479669215

41 gruber the Ruffian (level 3, -8/33 HPs)
             Began as an Oni Shapeshifter on Jan 19, 2024.
             Killed by divine providence
             ... invoked by an orc priest
              (10 damage)
             ... on level 3 of the Dungeon.
             The game lasted 00:01:01 (1500 turns).

gruber the Ruffian (Oni Shapeshifter)               Turns: 1500, Time: 00:01:03

Health: -8/33      AC:  3    Str: 20    XL:     3   Next: 52%
Magic:  0/3        EV:  9    Int: 11    God:
Gold:   42         SH:  0    Dex:  8    Spells: 2/2 levels left

rFire   . .          .
                       - Unarmed
rCold   . . .        (no shield)
rNeg    . . .        a - +0 animal skin
rPois   .            (helmet currently unavailable)
rElec   .            (cloak currently unavailable)
rCorr   .            (gloves unavailable)
SInv    +            (boots unavailable)
Will    +....        e - amulet of guardian spirit
Stlth   +            f - ring of see invisible
HPRegen 0.25/turn    (no ring)
MPRegen 0.08/turn

%: guardian spirit
@: beast-form, enlightened, flying
A: beast (slay +1), large, unfitting armour, horns 1, tough skin 1, double
potion healing, drunken brawling
a: Begin Untransformation


You were on level 3 of the Dungeon.
You were a hulking beast.
You visited 1 branch of the dungeon, and saw 3 of its levels.

You collected 42 gold pieces.

Inventory:

Armour
 a - a +0 animal skin (worn)
Jewellery
 e - an amulet of guardian spirit (around neck)
 f - a ring of see invisible (left hand)
Talismans
 c - a beast talisman
 d - a flux talisman
Scrolls
 h - 2 scrolls of amnesia {unknown}
 i - 2 scrolls of identify {unknown}
 j - 4 scrolls of blinking {unknown}
 l - a scroll of poison {unknown}
Potions
 b - a potion of lignification
 k - a potion of invisibility {unknown}
 m - a potion of attraction {unknown}


   Skills:
 - Level 1.3 Fighting
 - Level 1.7 Dodging
 + Level 4.0 Unarmed Combat
 - Level 3.0 Shapeshifting


You had 2 spell levels left.
You didn't know any spells.
Your spell library was empty.

Dungeon Overview and Level Annotations

Branches:
Dungeon (3/15)

Altars:

Shops:
D:1 [


Innate Abilities, Weirdness & Mutations

You are a hulking beast.
Your limbs bulge with bestial killing power. (Slay +1)
You are too large for most types of armour.
You have a pair of small horns on your head.
You have tough skin. (AC +1)
You gain doubled healing and magic from potions.
Whenever you drink a healing potion, you attack all around you.


Message History

Unknown command.
Unknown command.
The goblin shouts!
You hit the goblin.
The goblin is heavily wounded.
You closely miss the goblin.
The goblin is heavily wounded.
The goblin hits you but does no damage. The orc barely misses you.
You closely miss the goblin.
The goblin is heavily wounded.
The goblin barely misses you. The orc misses you.
The orc priest casts a cantrip, but nothing happens.
You closely miss the goblin.
The goblin is heavily wounded.
The goblin hits you with a +0 club. The orc barely misses you.
The orc priest calls down the wrath of Beogh upon you.
Pain shoots through your body!
You miss the goblin.
The goblin is heavily wounded.
The goblin barely misses you.
A frilled lizard comes into view.
The orc hits you but does no damage.
Unknown command.
The orc priest hits you with a +2 morningstar of distortion.
Space warps horribly around you!
The frilled lizard hisses angrily.
You hit the orc priest. You headbutt the orc priest.
The orc priest is moderately wounded.
The goblin misses you.
The orc hits you from afar with a +0 trident.
* * * LOW HITPOINT WARNING * * *
The orc priest barely misses you.
It was a potion of enlightenment.
You feel very buoyant.
You fly up into the air.
The goblin hits you but does no damage.
The orc hits you from afar with a +0 trident.
* * * LOW HITPOINT WARNING * * *
The orc priest mumbles some strange prayers to Beogh against you.
Beogh smites you!
You die...

#### #..
#.#######
#<......#
#o#†.##.#
#h#.....#
#g#...###
#o#......g#
#l#....####
.......o.
#.#....##.
..###### #
.... .....


You could see an orc priest, an orc, a goblin and a frilled lizard.

Vanquished Creatures
  An adder (D:3)
  A dart slug (D:2)
  An orc (D:2)
  2 endoplasms
  A giant cockroach (D:2)
  5 hobgoblins
  A kobold (D:1)
  3 quokkas
  3 ball pythons (D:1)
  3 bats (D:1)
  A frilled lizard (D:1)
  2 goblins (D:1)
  4 rats
28 creatures vanquished.

Notes
Turn   | Place    | Note
-------+----------+-------------------------------------------
     0 | D:1      | gruber the Oni Shapeshifter began the quest for the Orb.
     0 | D:1      | Reached XP level 1. HP: 19/19 MP: 1/1
    13 | D:1      | Reached skill level 3 in Unarmed Combat
   143 | D:1      | Reached XP level 2. HP: 27/27 MP: 2/2
   310 | D:1      | Found Ciethot's Antique Armour Emporium.
   797 | D:2      | Reached XP level 3. HP: 31/33 MP: 3/3
  1101 | D:2      | Found a faded altar of an unknown god.
  1398 | D:3      | Reached skill level 4 in Unarmed Combat
  1500 | D:3      | Killed from afar by an orc priest

Illustrated notes

Levels and vault maps discovered:
D:1:      dpeg_arrival_tiny_a, layout_loops_ring, serial_shops,
          nicolae_shop_hallway_plus
D:2:      layout_basic, serial_co_window_serial, co_window_paths_a,
          co_window_paths_a, co_window_paths_a, co_window_paths_b,
          co_window_corner_a, co_window_paths_a, co_window_paths_a,
          co_window_broadway_b, co_window_corner_cb, co_window_of_opportunity_b,
          glass_columns_a, glass_columns_a, glass_columns_b,
          basic_ecumenical_altar, nicolae_figureground_pulse
D:3:      layout_basic, gammafunk_temple_overflow_forgotten

Skill      XL: |  1  2  3 |
---------------+----------+-----
Unarmed Combat | 3 4 |  4.0
Fighting       | |  1.3
Dodging        | |  1.7
Shapeshifting  | |  3.0

Action                     || total
---------------------------++-------
  Melee: Unarmed           ||    73
         Headbutt          ||     9
         Punch             ||     2
    Use: Potion            ||     1
 Armour: Animal skin       ||    53
  Dodge: Dodged            ||    31

Table legend: (Time is in decaauts)
 A = Elapsed time spent in this place.
 B = Non-inter-level travel time spent in this place.
 C = Inter-level travel time spent in this place.
 D = Time resting spent in this place.
 E = Time spent auto-exploring this place.
 F = Levels seen in this place.
 G = Mean time per level.
                   A        B        C        D        E       F      G
               +--------+--------+--------+--------+--------+-----+--------+
         Total |   1495 |   1403 |     92 |      0 |   1210 |   3 |  498.3 |
       Dungeon |   1495 |   1403 |     92 |      0 |   1210 |   3 |  498.3 |
               +--------+--------+--------+--------+--------+-----+--------+

Top non-repeatable levels by time:
     D:2: 793 daAuts
     D:1: 675 daAuts
     D:3: 27 daAuts
